AoeStats
← [AirBo]一大包

Arabia

506860412Analyzed
4v4 RM · 15d ago on Sep 15, 2026· 14m 58s· 8 players
Game mode
Random Map
Map size
Large (8 player)
Population
200
Speed
Normal
Resources
Standard
Victory
Conquest
Starting age
Dark Age
Ending age
Imperial Age
RankedLock teamsTeams togetherTeam positionsShared explorationLock speedFull tech treeHidden civsTurbo modeCheats
Victory
Defeat
🇦🇷 Ethiopians · Argentina
1711
+15
🇭🇰 Persians · Hong Kong SAR China
1687
+16
🇹🇼 Maya · Taiwan
1631
+18
🇹🇼 Magyars · Taiwan
1612
+18
🇧🇷 Mongols · Brazil
1692
-17
1688
-17
🇨🇳 Ethiopians · China
1679
-17
🇪🇸 Vietnamese · Spain
1669
-16
[AirBo]實心包
6:24 Loom
9:03 Feudal Age
9:27 Double-Bit Axe
甜心包
0:29 Loom
8:43 Feudal Age
9:39 Double-Bit Axe
12:13 Fletching
[AirBo]一大包
8:42 Feudal Age
8:49 Loom
9:21 Double-Bit Axe
10:03 Horse Collar
[AirBo]空氣包
6:24 Loom
8:57 Feudal Age
10:53 Fletching
13:04 Town Watch
Marlin
5:54 Loom
8:54 Feudal Age
13:59 Fletching
AutoClickerv3
6:49 Loom
9:13 Feudal Age
7:34 Loom
9:49 Double-Bit Axe
10:01 Horse Collar
coxinha_iodo
6:14 Loom
8:23 Feudal Age
9:02 Double-Bit Axe
10:57 Town Watch
13:31 Fletching
种田人口才是基本盘
5:53 Loom
8:54 Feudal Age
9:39 Double-Bit Axe
10:13 Horse Collar
12:27 Scale Barding Armor
15:06 Forging
Connection lost

Rejoining the realm…

Still unreachable

The connection could not be restored.

Session expired

The server has moved on; the page needs a fresh start.